 Dungeon Crawl Stone Soup version 0.24.0-2-g5b39cebb1c (webtiles) character file.

Game seed: 9911049321788358810, levelgen mode: deterministic

125 Elvalys the Covert (level 4, -7/22 HPs)
             Began as a Spriggan Assassin on Oct 30, 2019.
             Splashed by Ijyb's acid (11 damage)
             ... on level 3 of the Dungeon.
             The game lasted 00:06:58 (2289 turns).

Elvalys the Covert (Spriggan Assassin)              Turns: 2289, Time: 00:06:59

Health: -7/22      AC: -1    Str:  7    XL:     4   Next: 82%
Magic:  5/5        EV: 19    Int: 13    God:
Gold:   94         SH:  0    Dex: 17    Spells: 3/3 levels left

rFire    . . .     SeeInvis +   k - +1 dagger (speed)
rCold    . . .     Gourm    .   (shield restricted)
rNeg     . . .     Faith    .   b - +0 robe
rPois    .         Spirit   .   (helmet restricted)
rElec    .         Reflect  .   c - +0 cloak
rCorr    .         Harm     .   (gloves unavailable)
MR       .....                  (boots unavailable)
Stlth    ++++......             (no amulet)
HPRegen  0.07/turn              (no ring)
MPRegen  0.09/turn              (no ring)

@: corroded, very quick
A: very small, unfitting armour, see invisible, herbivore, speed 3, slow
metabolism 2
a: no special abilities


You were on level 3 of the Dungeon.
You were not hungry.

You visited 1 branch of the dungeon, and saw 3 of its levels.

You collected 94 gold pieces.

Inventory:

Hand Weapons
 a - a +2 dagger
 k - a +1 dagger of speed (weapon)
Missiles
 d - 10 poisoned darts (quivered)
 e - 2 curare-tipped darts
 g - 92 stones
Armour
 b - a +0 robe (worn)
 c - a +0 cloak (worn)
Scrolls
 h - 3 scrolls of remove curse {unknown}
 i - 3 scrolls of amnesia {unknown}
 l - 3 scrolls of fear {unknown}
 o - 2 scrolls of identify {unknown}
 q - a scroll of enchant weapon {unknown}
 s - 2 scrolls of enchant armour {unknown}
 u - a scroll of random uselessness {unknown}
 v - a scroll of noise {unknown}
 w - a scroll of immolation {unknown}
Potions
 j - a potion of haste {unknown}
 m - a potion of cancellation {unknown}
 n - a potion of might {unknown}
 p - a potion of magic {unknown}
 r - a potion of flight {unknown}
 t - a potion of curing {unknown}
Comestibles
 f - 4 rations


   Skills:
 - Level 1.5 Fighting
 - Level 2.1 Short Blades
 - Level 2.0 Throwing
 * Level 3.8 Dodging
 + Level 8.6 Stealth


You had 3 spell levels left.
You didn't know any spells.
Your spell library was empty.

Dungeon Overview and Level Annotations

Branches:
Dungeon (3/15)

Altars:
Cheibriados
Elyvilon
Yredelemnul

Annotations:
D:3 Ijyb


Innate Abilities, Weirdness & Mutations

You are very small and have problems with some larger weapons.
You are too small for most types of armour.
You have supernaturally acute eyesight. (SInv)
You are a herbivore.
You cover ground extremely quickly.
You need to consume almost no food.


Message History

Press: ? - help, Shift-Dir - straight line, f/p - Ijyb
Aim: Ijyb, wearing a +3 leather armour of poison resistance and carrying a wand of acid (8)
You throw a poisoned dart. The poisoned dart hits Ijyb.
Ijyb hits you.
Throwing (i - inventory. (/) - cycle)
d - 12 poisoned darts (quivered)
Press: ? - help, Shift-Dir - straight line, f/p - Ijyb
Aim: Ijyb, wearing a +3 leather armour of poison resistance and carrying a wand of acid (8)
You throw a poisoned dart. The poisoned dart closely misses Ijyb.
The poisoned dart barely misses the hobgoblin.
Throwing (i - inventory. (/) - cycle)
d - 11 poisoned darts (quivered)
Press: ? - help, Shift-Dir - straight line, f/p - Ijyb
Aim: Ijyb, wearing a +3 leather armour of poison resistance and carrying a wand of acid (8)
You throw a poisoned dart. The poisoned dart barely misses Ijyb.
The poisoned dart hits the hobgoblin.
The hobgoblin looks even sicker.
The hobgoblin is lightly wounded.
Ijyb zaps a wand.
The bolt of acid hits you!
Ouch! That really hurt!
* * * LOW HITPOINT WARNING * * *
The acid corrodes you!
You are splashed with acid!
Ouch! That really hurt!
You die...

.....
###......##
....
####..##.##
....#
####....## .#
.....#
#......## .
......##....###
# #........####
###.%...#
#....## #...#@#
#...=.#g# #.#.#
.g# # #. #..# %
#..# #... ....
#.(#


You could see Ijyb and a hobgoblin.

Vanquished Creatures
  3 adders
  4 gnolls (D:2)
  A shadow imp (D:2)
  An ooze (D:2)
  2 dart slugs
  A leopard gecko (D:2)
  6 bats
  3 giant cockroaches
  6 hobgoblins
  6 kobolds
  2 quokkas
  2 frilled lizards
  6 goblins
  6 rats
49 creatures vanquished.

Notes
Turn   | Place    | Note
-------+----------+-------------------------------------------
     0 | D:1      | Elvalys the Spriggan Assassin began the quest for the Orb.
     0 | D:1      | Reached XP level 1. HP: 10/10 MP: 2/2
    50 | D:1      | Reached skill level 6 in Stealth
   356 | D:1      | Reached XP level 2. HP: 13/14 MP: 3/3
   834 | D:2      | Found a white marble altar of Elyvilon.
   905 | D:2      | Reached skill level 7 in Stealth
  1176 | D:2      | Reached XP level 3. HP: 18/18 MP: 4/4
  1317 | D:2      | Reached skill level 8 in Stealth
  1317 | D:2      | Reached XP level 4. HP: 12/22 MP: 5/5
  1662 | D:2      | Found a snail-covered altar of Cheibriados.
  1663 | D:2      | Found a basalt altar of Yredelemnul.
  2281 | D:3      | Noticed Ijyb
  2289 | D:3      | Splashed by Ijyb's acid

Levels and vault maps discovered:
D:1:      dpeg_arrival_houses_and_road, layout_rooms
D:2:      layout_basic, elyvilon_altar_4, gammafunk_temple_overflow_statue
D:3:      layout_rooms, uniq_robin, uniq_ijyb

Skill      XL: |  1  2  3 |
---------------+----------+-----
Stealth        | 6 7 8 |  8.6
Dodging        | 2 3 |  3.8
Fighting       | |  1.5
Short Blades   | |  2.1
Throwing       | |  2.0

Action                   |  1- 3 |  4- 6 || total
-------------------------+-------+-------++-------
Melee: Dagger            |   133 |    74 ||   207
Throw: Dart              |    14 |    14 ||    28
 Stab: Sleeping          |     3 |     2 ||     5
Armor: Robe              |    11 |     4 ||    15
Dodge: Dodged            |    71 |    52 ||   123
